 Dungeon Crawl Stone Soup version 0.28.0-53-g5a82cb258f (webtiles) character file.

Game seed: 4931412511387563182

341559 concernfroge the Spry (level 21, -2/107 HPs)
             Began as a Deep Elf Conjurer on July 1, 2022.
             Was an Elder of Sif Muna.
             Killed from afar by a lightning spire (7 damage)
             ... with a bolt of electricity
             ... on level 5 of the Abyss.
             The game lasted 05:59:26 (55034 turns).

concernfroge the Spry (Deep Elf Conjurer)          Turns: 55034, Time: 05:59:26

Health: -2/107     AC: 11    Str:  7    XL:     21   Next: 9%
Magic:  19/45      EV: 28    Int: 33    God:    Sif Muna [****..]
Gold:   1016       SH: 13    Dex: 15    Spells: 4/57 levels left

rFire   + + +      SeeInvis +   m - staff of poison
rCold   + + +      Faith    .   O - +1 buckler of Xom's Regard {rF+++ rC+++ Will- Dex-2}
rNeg    . . .      Spirit   .   y - +2 robe {Will+}
rPois   +          Reflect  +   L - +2 hat
rElec   .          Harm     .   j - scarf {repulsion}
rCorr   +          Rampage  .   B - +2 pair of gloves
Will    ++...                   s - +1 pair of boots of Defence {rF+ Str+3 Dex+4}
Stlth   ++........              D - amulet of reflection
HPRegen 0.27/turn               R - ring of see invisible
MPRegen 0.29/turn               E - ring of resist corrosion

@: agile, channelling, repel missiles, unable to read
A: dopey 1, wild magic 1, [frail 2], [inability to read while threatened]
}: 2/15 runes: decaying, serpentine
a: Renounce Religion, Channel Magic, Forget Spell, Divine Exegesis


You were on level 5 of the Abyss.
You worshipped Sif Muna.
Sif Muna was greatly pleased with you.
You visited 7 branches of the dungeon, and saw 36 of its levels.
You visited the Abyss 1 time.
You visited 1 bazaar.

You collected 4125 gold pieces.
You spent 3109 gold pieces at shops.

Inventory:

Missiles
 J - 2 throwing nets
Armour
 j - a scarf of repulsion (worn)
 s - the +1 pair of boots of Defence (worn) {rF+ Str+3 Dex+4}
   (You found it on level 13 of the Dungeon)

   Str:       It affects your strength (+3).
   Dex:       It affects your dexterity (+4).
   rF:        It protects you from fire.
 y - a +2 robe of willpower (worn)
 B - a +2 pair of gloves (worn)
 L - a +2 hat (worn)
 O - the +1 buckler of Xom's Regard (worn) {rF+++ rC+++ Will- Dex-2}
   (You acquired it on level 13 of the Dungeon)

   Dex:       It affects your dexterity (-2).
   rF:        It renders you almost immune to fire.
   rC:        It renders you almost immune to cold.
   Will:      It decreases your willpower.
Magical Staves
 m - a staff of poison (weapon)
Jewellery
 v - a +4 ring of evasion
 D - an amulet of reflection (around neck)
 E - a ring of resist corrosion (right hand)
 R - a ring of see invisible (left hand)
Wands
 q - a wand of paralysis (17)
 t - a wand of charming (8)
 C - a wand of digging (3)
 G - a wand of acid (17)
 K - a wand of polymorph (15)
 M - a wand of iceblast (22)
 P - a wand of flame (31) (quivered)
 Y - a wand of mindburst (37)
Scrolls
 a - 3 scrolls of enchant armour
 d - a scroll of summoning
 e - a scroll of immolation
 f - 10 scrolls of teleportation
 i - 3 scrolls of vulnerability
 l - a scroll of fear
 n - 2 scrolls of enchant weapon
 w - 6 scrolls of amnesia
 F - 2 scrolls of blinking
 N - 3 scrolls of fog
 S - 4 scrolls of torment
 U - 2 scrolls of holy word
Potions
 b - a potion of berserk rage
 c - 3 potions of haste
 g - 3 potions of resistance
 h - a potion of cancellation
 p - a potion of brilliance
 r - 4 potions of flight
 u - 4 potions of lignification
 z - 2 potions of magic
 H - a potion of invisibility
 I - a potion of mutation
 W - 6 potions of curing
Miscellaneous
 k - a condenser vane
 x - a phial of floods
 T - a lightning rod (4/4)


   Skills:
 - Level 15.2 Fighting
 - Level 20.7 Dodging
 - Level 2.4 Stealth
 - Level 12.0 Shields
 + Level 18.6 Spellcasting
 + Level 16.2 Conjurations
 + Level 18.1 Hexes
 + Level 15.0 Translocations
 - Level 10.0 Invocations
 - Level 10.0 Evocations


You had 4 spell levels left.
You knew the following spells:

 Your Spells              Type           Power      Damage    Failure   Level
a - Magic Dart            Conj           100%       1d8       1%          1
b - Searing Ray           Conj           100%       2d8       1%          2
c - Dazzling Flash        Conj/Hex       100%       N/A       1%          3
d - Fulminant Prism       Conj/Hex       56%        3d25      1%          4
e - Iskenderun's Mystic   Conj/Tloc      100%       2d19      1%          4
f - Iskenderun's Battles  Conj           100%       2d15      1%          5
g - Orb of Destruction    Conj           54%        9d14      3%          7
h - Blink                 Tloc           100%       N/A       1%          2
i - Gell's Gravitas       Tloc           100%       N/A       1%          3
j - Cause Fear            Hex            57%        N/A       1%          4
k - Teleport Other        Tloc           100%       N/A       1%          3
l - Apportation           Tloc           100%       N/A       1%          1
m - Dispersal             Tloc           53%        N/A       1%          6
n - Discord               Hex            57%        N/A       9%          8

Your spell library contained the following spells:

 Spells                   Type           Power      Damage    Failure   Level
 Foxfire                  Conj/Fire      100%       2x1d9     1%          1
 Shock                    Conj/Air       100%       1d9       1%          1
 Static Discharge         Conj/Air       83%        N/A       1%          2
 Inner Flame              Hex/Fire       87%        N/A       1%          3
 Lesser Beckoning         Tloc           100%       N/A       1%          3
 Summon Guardian Golem    Hex/Summ       87%        N/A       1%          3
 Hailstorm                Conj/Ice       83%        3d17      1%          4
 Sticky Flame             Conj/Fire      83%        2d9       1%          4
 Freeze                   Ice            100%       1d11      2%          1
 Pain                     Necr           100%       1d9       2%          1
 Summon Small Mammal      Summ           100%       N/A       2%          1
 Call Canine Familiar     Summ           39%        N/A       7%          3
 Frozen Ramparts          Ice            78%        1d9       7%          3
 Ignite Poison            Fire/Tmut/Pois 56%        N/A       7%          3
 Ozocubu's Armour         Ice            39%        N/A       7%          3
 Spider Form              Tmut/Pois      56%        N/A       7%          3
 Swiftness                Air            39%        N/A       7%          3
 Airstrike                Air            19%        N/A       21%         4
 Animate Armour           Summ/Erth      78%        N/A       21%         4
 Dispel Undead            Necr           39%        3d16      21%         4
 Olgreb's Toxic Radiance  Pois           56%        N/A       21%         4
 Petrify                  Tmut/Erth      39%        N/A       21%         4
 Summon Lightning Spire   Summ/Air       39%        N/A       21%         4
 Manifold Assault         Tloc           100%       N/A       1%          5
 Metabolic Englaciation   Hex/Ice        43%        N/A       1%          5
 Silence                  Hex/Air        43%        N/A       1%          5
 Summon Mana Viper        Hex/Summ       87%        N/A       1%          5
 Fireball                 Conj/Fire      41%        3d17      2%          5
 Lightning Bolt           Conj/Air       41%        1d60      2%          5
 Summon Forest            Summ/Tloc      40%        N/A       3%          5
 Freezing Cloud           Conj/Ice/Air   36%        6-21      7%          5
 Conjure Ball Lightning   Conj/Air       41%        3x3d13    12%         6
 Iron Shot                Conj/Erth      41%        9d8       12%         6
 Starburst                Conj/Fire      41%        6d12      12%         6
 Disjunction              Tloc           53%        N/A       26%         8
 Agony                    Necr           39%        N/A       45%         5
 Alistair's Intoxication  Tmut/Pois      37%        N/A       45%         5
 Blade Hands              Tmut           19%        N/A       45%         5
 Excruciating Wounds      Necr           19%        N/A       45%         5
 Simulacrum               Ice/Necr       19%        N/A       95%         6
 Statue Form              Tmut/Erth      26%        N/A       95%         6
 Summon Cactus Giant      Summ           19%        N/A       95%         6
 Ozocubu's Refrigeration  Ice            19%        4d8       100%        7
 Storm Form               Tmut/Air       19%        N/A       100%        7
 Ignition                 Fire           19%        3d7       100%        8
 Maxwell's Capacitive Co  Air            19%        ∞         100%        8
 Chain Lightning          Conj/Air       41%        3d55      100%        9
 Polar Vortex             Ice            19%        N/A       100%        9


Dungeon Overview and Level Annotations

Branches:
Dungeon (15/15)            Temple (1/1) D:5            Lair (5/6) D:10
  Swamp (4/4) Lair:2        Snake (4/4) Lair:3          Orc (2/2) D:12
    Elf (0/3) Orc:2        Vaults (5/5) D:14          Crypt (0/3) Vaults:3
 Depths (0/4) D:15
  Slime: Lair:5-6

Altars:
Ashenzari
Cheibriados
Dithmenos
Elyvilon
Fedhas
Gozag
Hepliaklqana
Kikubaaqudgha
Makhleb
Nemelex Xobeh
Okawaru
Qazlal
Ru
Sif Muna
Trog
Uskayaw
Vehumet
Wu Jian
Xom
Yredelemnul
Zin
The Shining One
Beogh

Shops:
D:4 *   Orc:1 !   Orc:2 [(:*   Snake:3 ?((   Vaults:3 [:   Vaults:4 (

Portals:
Abyss: Vaults:4

Annotations:
D:12 1 runed translucent door
Lair:3 Gastronok
Lair:5 exclusion: 4 oklob plants
Vaults:4 2 transporters, DizzySkin's ghost, veteran MiBe


Innate Abilities, Weirdness & Mutations

You are dopey. (Int -2)
Your spells are a little harder to cast, but a little more powerful.
[You are very frail. (-20% HP)]
[You sometimes lose the ability to read scrolls when taking damage.]


Message History

The blizzard demon completely resists.
The lightning spire shoots out a bolt of lightning at you!
The bolt of electricity hits the blizzard demon.
The blizzard demon completely resists.
The bolt of electricity hits you!
* * * LOW HITPOINT WARNING * * *
Casting: Cause Fear (safe; 1% risk of failure)
Confirm with . or Enter, or press ? or * to list all spells.
Okay, then.
Casting: Cause Fear (safe; 1% risk of failure)
Confirm with . or Enter, or press ? or * to list all spells.
Aiming: Fulminant Prism (safe; 1% risk of failure)
Press: ? - help, Dir - move target You conjure a prism of explosive energy!
A fulminant prism comes into view.
Your battlesphere fires!
The barrage of energy hits the raiju!
The raiju is heavily wounded.
The smoke demon hits the lightning spire but does no damage.
The smoke demon hits the lightning spire.
The smoke demon hits the lightning spire but does no damage.
The raiju bites the blizzard demon.
The raiju shocks the blizzard demon.
The blizzard demon completely resists.
A blizzard demon comes into view.
The blizzard demon hits the raiju but does no damage.
The blizzard demon closely misses the raiju.
The lightning spire shoots out a bolt of lightning at you!
The bolt of electricity hits the blizzard demon.
The blizzard demon completely resists.
The bolt of electricity hits your fulminant prism.
Your fulminant prism resists.
The bolt of electricity hits your battlesphere.
Your battlesphere completely resists.
The bolt of electricity is repelled.
The lightning spire shoots out a bolt of lightning at you!
The bolt of electricity hits the blizzard demon.
The blizzard demon completely resists.
The bolt of electricity hits your fulminant prism.
Your fulminant prism resists.
The bolt of electricity hits you!
You die...

.≈mφ≈ #8.≈28.
#. ##≈≈.≈≈.
.# .≈≈3≈≈#
.### # ≈≈8≈≈
##.#.#.#
#2..###..2..#
#*h##...#. #
#..*.#.#.#
#.@##.#..#
#..#.......
#.....#.# ..
###.#.###.##.
...#. ..
..###. .. #
..


You could see a reaper (fleeing), 2 blizzard demons, 3 lightning spires, a
neutral smoke demon (fast, strong, insane), a neutral raiju (fast, strong,
insane), a friendly fulminant prism and a friendly battlesphere.

Vanquished Creatures
  Mara (Snake:3)
  Mennas (Vaults:3)
  Margery (Vaults:4)
  Saint Roka (Snake:3)
  A golden dragon (Vaults:3)
  Nikola (Snake:1)
  Jorgrun (D:14)
  A hellephant (Abyss:3)
  A lich (D:12)
  2 tentacled monstrosities
  Frances (D:14)
  7 sphinxes
  A thorn hunter (Swamp:4)
  2 tengu reavers
  11 nagarajas
  2 fenstrider witches
  Donald (Snake:1)
  A frost giant (Vaults:5)
  An emperor scorpion (D:15)
  A fire giant (Vaults:2)
  Aizul (Snake:3)
  2 orc warlords
  15 vault wardens
  A cacodemon (Vaults:4)
  Louise (D:14)
  3 very ugly things (Vaults:4)
  2 war gargoyles
  24 ironbound preservers
  3 ironbound thunderhulks
  3 stone giants
  2 eleionomae (Swamp:1)
  An entropy weaver (Vaults:4)
  A white draconian (Abyss:3)
  Azrael (D:15)
  12 dire elephants
  6 bunyips
  2 ettins
  Snorg (Lair:3)
  A crystal guardian (Vaults:1)
  21 vault guards
  11 yaktaur captains
  A deep elf high priest (Vaults:3)
  20 naga warriors
  24 hydras
  An ice dragon (D:12)
  5 great orbs of eyes
  2 ogre magi (Vaults:3)
  4 boulder beetles
  A rakshasa (Abyss:3)
  13 anacondas
  2 ghost crabs
  3 two-headed ogres
  6 ironbound frosthearts
  2 peacekeepers (Vaults:3)
  10 centaur warriors
  4 alligators
  3 death knights
  6 death yaks
  A tengu warrior (D:15)
  2 vampire magi (Vaults:3)
  13 naga sharpshooters
  An orc high priest (Orc:2)
  5 shock serpents
  A wretched star (Abyss:4)
  A deep elf knight (D:13)
  2 spriggan berserkers (Swamp:4)
  5 hell knights (Vaults:4)
  10 sea snakes
  A salamander mystic (Snake:4)
  2 skeletal warriors (D:15)
  A golden dragon zombie (Vaults:4)
  3 spriggan druids
  4 goliath frogs
  68 deep trolls
  7 bog bodies
  4 starcursed masses
  10 naga ritualists
  3 deep elf archers (D:14)
  7 swamp dragons (Swamp:4)
  15 ironbound convokers
  15 lindwurms
  6 necromancers
  Pikel (D:6)
  A phantasmal warrior (D:15)
  A deep elf zephyrmancer (D:14)
  A deep elf pyromancer (D:14)
  5 orc sorcerers
  6 wizards
  11 mana vipers
  3 orc knights (Orc:2)
  3 salamanders
  4 cyclopes
  3 will-o-the-wisps
  23 ugly things
  2 manticores
  12 elephants (Lair:4)
  Joseph (D:7)
  7 guardian serpents
  24 vault sentinels
  16 naga magi
  30 black mambas
  A smoke demon (Abyss:4)
  10 cane toads
  An elf zombie (Vaults:1)
  A hellion (Vaults:4)
  2 efreet
  9 rime drakes
  7 komodo dragons
  An unseen horror (D:10)
  A kobold demonologist (D:9)
  5 freezing wraiths
  32 yaktaurs
  An elf skeleton (Vaults:1)
  A tengu conjurer (D:15)
  A yaktaur skeleton (Vaults:4)
  A bloated husk (Swamp:1)
  A queen bee (shapeshifter) (D:15)
  A human zombie (Vaults:4)
  A human skeleton (Vaults:1)
  11 hornets
  A polar bear (Lair:3)
  7 tyrant leeches
  Grinder (D:4)
  2 raiju
  3 trolls
  A merfolk (shapeshifter) (Vaults:1)
  28 slime creatures
  19 blink frogs
  3 large abominations
  A shadow (D:13)
  10 spriggans
  22 yaks
  6 wraiths
  A vampire (D:12)
  A ynoxinul (Abyss:4)
  2 wyverns
  4 basilisks
  A fire elemental (D:15)
  Grum (D:11)
  15 vampire mosquitoes
  8 humans (D:14)
  A small abomination (Abyss:3)
  3 redbacks (Vaults:4)
  10 steam dragons
  Edmund (D:4)
  A warg (Snake:3)
  13 swamp worms
  43 nagas
  2 acid dragons
  17 water moccasins
  5 hell hounds (D:15)
  20 orc warriors
  10 swamp drakes
  A black bear (Lair:4)
  2 sky beasts (D:6)
  15 wolves
  4 centaurs
  An ettin simulacrum (Vaults:4)
  2 ice beasts
  4 boggarts (D:14)
  A centaur (shapeshifter) (Vaults:3)
  A lemure (D:6)
  6 ogres
  5 kobold brigands
  13 bullfrogs
  2 scorpions
  2 wyvern skeletons
  A water moccasin skeleton (D:4)
  23 wights
  7 killer bees
  An electric eel (D:12)
  A howler monkey (D:8)
  2 lava snakes (Lair:5)
  A bullfrog zombie (D:6)
  A human simulacrum (Vaults:1)
  A centaur zombie (D:9)
  2 jellies (D:7)
  22 orc priests
  4 hounds
  An iron imp (D:9)
  5 iguanas
  23 orc wizards
  A killer bee zombie (D:6)
  A hound zombie (D:5)
  7 gnolls
  9 adders
  A shadow imp (D:6)
  A white imp (D:6)
  A worm (D:2)
  A dart slug (D:1)
  51 orcs
  9 endoplasms
  A giant cockroach (shapeshifter) (Vaults:2)
  2 giant cockroaches
  7 goblins
  3 hobgoblins
  3 jackals (D:3)
  11 kobolds
  2 quokkas
  4 ball pythons
  3 bats
  2 frilled lizards
  3 rats
  A fulminant prism (Vaults:4)
1230 creatures vanquished.

Vanquished Creatures (collateral kills)
  A vault warden (Vaults:5)
  The ghost of Sin92 the Cleaver, a journeyman DsFi of Okawaru (D:12)
  19 vault guards (Vaults:5)
  A deep troll (Vaults:5)
  A necromancer (D:12)
  A vault sentinel (Vaults:5)
  A dream sheep (shapeshifter) (Vaults:5)
  2 raiju (Abyss:4)
  A vampire (D:12)
  A starcursed mass (Abyss:4)
  6 fulminant prisms (Vaults:5)
35 creatures vanquished.

Vanquished Creatures (others)
  A naga warrior (Snake:1)
  A peacekeeper (Vaults:1)
  4 vault guards
  A yaktaur (Vaults:4)
  A bloated husk (Swamp:1)
  A raiju (Abyss:5)
  A tyrant leech (Swamp:4)
  A vampire (D:12)
  An orc warrior (Snake:3)
  3 foxfires
  761 fulminant prisms
  34 fungi
  75 plants
885 creatures vanquished.

Grand Total: 2150 creatures vanquished

Notes
Turn   | Place    | Note
-------+----------+-------------------------------------------
     0 | D:1      | concernfroge the Deep Elf Conjurer began the quest for the
                  | Orb.
     0 | D:1      | Reached XP level 1. HP: 10/10 MP: 6/6
   509 | D:1      | Reached XP level 2. HP: 15/15 MP: 3/8
   512 | D:1      | Learned a level 2 spell: Searing Ray
  1482 | D:2      | Found a white marble altar of Elyvilon.
  1587 | D:2      | Reached XP level 3. HP: 19/19 MP: 8/10
  1591 | D:2      | Learned a level 3 spell: Dazzling Flash
  1650 | D:2      | Reached skill level 5 in Conjurations
  1650 | D:2      | Reached skill level 1 in Hexes
  1891 | D:2      | Found a faded altar of an unknown god.
  2207 | D:3      | Found a hazy altar of Hepliaklqana.
  2269 | D:3      | Reached XP level 4. HP: 24/24 MP: 4/12
  2274 | D:3      | Learned a level 4 spell: Fulminant Prism
  2447 | D:3      | Found a stormy altar of Qazlal.
  2542 | D:3      | Reached skill level 5 in Spellcasting
  2542 | D:3      | Reached XP level 5. HP: 28/28 MP: 8/14
  2547 | D:3      | Learned a level 4 spell: Iskenderun's Mystic Blast
  3191 | D:4      | Noticed an ogre
  3200 | D:3      | Reached skill level 1 in Translocations
  3406 | D:3      | Reached XP level 6. HP: 22/32 MP: 6/16
  3491 | D:4      | Noticed Grinder
  3497 | D:4      | Killed Grinder
  3667 | D:4      | Reached XP level 7. HP: 36/36 MP: 10/18
  3716 | D:4      | Reached skill level 5 in Hexes
  3988 | D:4      | Found Vawash's Serpentskin Sales.
  4248 | D:4      | Noticed Edmund
  4257 | D:4      | Killed Edmund
  4258 | D:4      | Reached XP level 8. HP: 31/41 MP: 0/20
  4540 | D:5      | Entered Level 5 of the Dungeon
  4737 | D:5      | Found a staircase to the Ecumenical Temple.
  4749 | Temple   | Entered the Ecumenical Temple
  4963 | D:5      | Found a sacrificial altar of Ru.
  5663 | D:6      | Reached skill level 5 in Translocations
  5945 | D:6      | Noticed Pikel
  5953 | D:6      | Killed Pikel
  5954 | D:6      | Reached XP level 9. HP: 45/45 MP: 10/23
  6697 | D:7      | Found a sparkling altar of Nemelex Xobeh.
  6888 | D:7      | Learned a level 5 spell: Iskenderun's Battlesphere
  6896 | D:7      | Learned a level 7 spell: Orb of Destruction
  6958 | D:7      | Noticed Joseph
  6966 | D:7      | Killed Joseph
  6967 | D:7      | Reached skill level 1 in Fighting
  6967 | D:7      | Reached skill level 3 in Dodging
  6967 | D:7      | Reached skill level 1 in Evocations
  7130 | D:7      | Reached skill level 4 in Dodging
  7326 | D:7      | Found a shadowy altar of Dithmenos.
  7885 | D:8      | Reached XP level 10. HP: 54/54 MP: 25/25
  7886 | D:8      | Reached skill level 5 in Dodging
  8355 | D:9      | Found a snail-covered altar of Cheibriados.
  8475 | D:9      | Reached skill level 6 in Dodging
  8501 | D:9      | Reached skill level 5 in Evocations
  9145 | D:9      | Noticed a two-headed ogre
  9151 | D:9      | Killed a two-headed ogre
  9152 | D:9      | Reached skill level 7 in Dodging
  9617 | D:10     | Entered Level 10 of the Dungeon
  9692 | D:10     | Noticed a death yak
  9692 | D:10     | Noticed a death yak
  9693 | D:10     | Noticed a death yak
  9701 | D:10     | Killed a death yak
  9705 | D:10     | Reached skill level 5 in Fighting
  9852 | D:10     | Reached skill level 8 in Dodging
  9887 | D:10     | Reached XP level 11. HP: 61/63 MP: 15/26
  9990 | D:10     | Killed a death yak
  9991 | D:10     | Killed a death yak
 10145 | D:10     | Found a staircase to the Lair.
 10683 | D:10     | Found an ancient bone altar of Kikubaaqudgha.
 10683 | D:10     | Found a shimmering blue altar of Sif Muna.
 10685 | D:10     | Found a radiant altar of Vehumet.
 10691 | D:10     | Became a worshipper of Sif Muna the Loreminder
 10695 | D:10     | Learned a level 2 spell: Blink
 10936 | D:10     | Found a broken altar of Ashenzari.
 10936 | D:10     | Found a glowing silver altar of Zin.
 11116 | Lair:1   | Entered Level 1 of the Lair of Beasts
 11344 | Lair:1   | Reached skill level 1 in Invocations
 11605 | Lair:1   | Reached skill level 9 in Dodging
 12120 | Lair:1   | Noticed a six-headed hydra
 12129 | Lair:1   | Killed a six-headed hydra
 12780 | Lair:2   | Reached * piety under Sif Muna
 12781 | Lair:2   | Reached skill level 10 in Dodging
 13045 | Lair:2   | Noticed a bog body
 13051 | Lair:2   | Killed a bog body
 13113 | Lair:2   | Found a staircase to the Swamp.
 13460 | Lair:3   | Reached XP level 12. HP: 41/71 MP: 9/27
 13639 | Lair:3   | Noticed Snorg
 13651 | Lair:3   | Killed Snorg
 13652 | Lair:3   | Reached skill level 5 in Invocations
 14191 | Lair:3   | Reached skill level 11 in Dodging
 14191 | Lair:3   | Noticed Gastronok
 14540 | Lair:3   | Found a staircase to the Snake Pit.
 14728 | Lair:3   | Reached skill level 10 in Evocations
 14734 | Lair:3   | Reached ** piety under Sif Muna
 16176 | Lair:4   | Reached skill level 12 in Dodging
 16439 | Lair:4   | Reached XP level 13. HP: 79/79 MP: 23/28
 18000 | Lair:5   | Identified the +2 leather armour of Grace {Rampage rElec
                  | Int+4}
 18031 | Lair:5   | Found a blossoming altar of Fedhas.
 19054 | Lair:5   | Identified a scroll of acquirement
 19065 | Lair:5   | Learned a level 3 spell: Gell's Gravitas
 20043 | D:11     | Reached *** piety under Sif Muna
 20412 | D:12     | Reached skill level 10 in Spellcasting
 20827 | D:12     | Found a frozen archway.
 21279 | D:11     | Noticed Grum
 21285 | D:11     | Killed Grum
 21403 | D:12     | Found a runed translucent door.
 21408 | D:12     | Got the Papyrus of Toxic Fire
 21707 | D:12     | Found a runed translucent door.
 21708 | D:12     | Noticed a tengu reaver
 21708 | D:12     | Noticed a lich
 21709 | D:12     | Noticed Sin92's ghost (journeyman DsFi)
 21732 | D:12     | Identified the amulet "Zosugyan" {RegenMP Dex+5 Slay+3}
 22115 | D:13     | Reached skill level 10 in Invocations
 22279 | D:13     | Reached skill level 1 in Shields
 22572 | D:13     | Identified the +1 pair of boots of Defence {rF+ Str+3
                  | Dex+4}
 22943 | D:13     | Acquired the +1 buckler of Xom's Regard {rF+++ rC+++ Will-
                  | Dex-2}
 22955 | D:13     | Acquired 762 gold pieces
 23041 | D:14     | Reached XP level 14. HP: 70/87 MP: 24/30
 23047 | D:14     | Noticed Louise
 23077 | D:15     | Entered Level 15 of the Dungeon
 23307 | D:15     | Found a flickering gateway to a bazaar.
 23318 | Bazaar   | Entered a bazaar
 23320 | Bazaar   | Found Regoi's Armour Boutique.
 23324 | Bazaar   | Bought a scarf of repulsion for 132 gold pieces
 23334 | Bazaar   | Found Anno's Book Boutique.
 23334 | Bazaar   | Found Nuduth's Antique Armour Boutique.
 23335 | Bazaar   | Found Hejaj's Armour Boutique.
 23355 | Bazaar   | Bought a book of Hexes for 324 gold pieces
 23372 | D:15     | Reached **** piety under Sif Muna
 23629 | D:15     | Reached skill level 10 in Hexes
 23844 | D:15     | Reached skill level 10 in Conjurations
 23845 | D:15     | Reached skill level 10 in Fighting
 24092 | D:15     | Noticed Azrael
 24097 | D:15     | Killed Azrael
 24318 | D:15     | Noticed an emperor scorpion
 24326 | D:15     | Killed an emperor scorpion
 24889 | D:15     | Found a staircase to the Depths.
 25549 | D:14     | Killed Louise
 26014 | D:14     | Identified the +5 great mace of Ujomof {speed, *Rage rPois
                  | Int-5 Dex+5}
 26351 | D:14     | Noticed Frances
 26352 | D:14     | Noticed Jorgrun
 26361 | D:14     | Killed Frances
 26362 | D:14     | Killed Jorgrun
 26719 | D:14     | Reached XP level 15. HP: 82/92 MP: 8/33
 27068 | D:14     | Found a gate to the Vaults.
 27105 | D:14     | Learned a level 4 spell: Cause Fear
 27109 | D:14     | Learned a level 3 spell: Teleport Other
 27259 | D:12     | Killed a lich
 27278 | D:12     | Killed Sin92's ghost
 27571 | D:12     | Killed a tengu reaver
 27843 | D:12     | Found a staircase to the Orcish Mines.
 27853 | D:12     | Learned a level 1 spell: Apportation
 28261 | Orc:1    | Entered Level 1 of the Orcish Mines
 28383 | Orc:1    | Found Notam's Distillery.
 28433 | Orc:1    | Bought a potion of heal wounds for 75 gold pieces
 28552 | Orc:2    | Entered Level 2 of the Orcish Mines
 28589 | Orc:2    | Reached skill level 5 in Shields
 28608 | Orc:2    | Noticed an orc warlord
 28628 | Orc:2    | Killed an orc warlord
 29017 | Orc:2    | Found Jopy's Antique Weapon Shoppe.
 29019 | Orc:2    | Found Ramoskur's General Store.
 29067 | Orc:2    | Bought a scroll of magic mapping for 49 gold pieces
 29264 | Orc:2    | Found a staircase to the Elven Halls.
 29473 | Orc:2    | Found Ydozxofergh's Book Shoppe.
 29505 | Orc:2    | Found Ohir's Antique Armour Shoppe.
 29730 | Orc:2    | Bought a book of the Warp for 352 gold pieces
 29730 | Orc:2    | Bought a manual of Fighting for 880 gold pieces
 29730 | Orc:2    | Bought a manual of Dodging for 880 gold pieces
 29922 | Snake:1  | Entered Level 1 of the Snake Pit
 30500 | Snake:1  | Noticed Donald
 30511 | Snake:1  | Killed Donald
 30512 | Snake:1  | Reached skill level 13 in Dodging
 30514 | Snake:1  | Noticed Nikola
 30532 | Snake:1  | Noticed a nagaraja
 30532 | Snake:1  | Killed Nikola
 30543 | Snake:1  | Killed a nagaraja
 32440 | Snake:2  | Noticed a nagaraja
 32448 | Snake:2  | Killed a nagaraja
 32822 | Snake:3  | Reached skill level 14 in Dodging
 32912 | Snake:3  | Reached XP level 16. HP: 100/100 MP: 10/35
 33814 | Snake:3  | Found Istut's Magic Scroll Boutique.
 33816 | Snake:3  | Found Utuwugod's Weapon Shop.
 33818 | Snake:3  | Found Leg Last's Weapon Boutique.
 33822 | Snake:3  | Bought a scroll of magic mapping for 45 gold pieces
 34041 | Snake:3  | Noticed Mara
 34044 | Snake:3  | Noticed concernfroge's illusion
 34148 | Snake:3  | Reached skill level 15 in Dodging
 34550 | Snake:3  | Noticed concernfroge's illusion
 34560 | Snake:3  | Killed Mara
 34692 | Snake:3  | Noticed Aizul
 34705 | Snake:3  | Killed Aizul
 35432 | Snake:3  | Noticed Saint Roka
 35448 | Snake:3  | Killed Saint Roka
 35449 | Snake:3  | Reached skill level 16 in Dodging
 35998 | Orc:1    | Bought a potion of curing for 45 gold pieces
 35998 | Orc:1    | Bought a potion of haste for 150 gold pieces
 35998 | Orc:1    | Bought a potion of curing for 45 gold pieces
 35998 | Orc:1    | Bought a potion of curing for 45 gold pieces
 35998 | Orc:1    | Bought a potion of curing for 45 gold pieces
 36031 | Orc:2    | Bought a potion of curing for 42 gold pieces
 36286 | Snake:4  | Entered Level 4 of the Snake Pit
 36879 | Snake:4  | Reached skill level 10 in Shields
 37486 | Snake:4  | Reached skill level 17 in Dodging
 37645 | Snake:4  | Reached XP level 17. HP: 109/109 MP: 28/36
 39066 | Snake:4  | Reached skill level 18 in Dodging
 39200 | Snake:4  | Got a serpentine rune of Zot
 39399 | Swamp:1  | Entered Level 1 of the Swamp
 39430 | Swamp:1  | Reached ***** piety under Sif Muna
 39615 | Swamp:1  | You fall into a shaft and drop 1 floor!
 40335 | Swamp:2  | Reached skill level 19 in Dodging
 41699 | Swamp:3  | Noticed a tentacled monstrosity
 41707 | Swamp:3  | Killed a tentacled monstrosity
 42057 | Swamp:4  | Entered Level 4 of the Swamp
 42062 | Swamp:4  | Received a gift from Sif Muna
 42077 | Swamp:4  | Reached skill level 20 in Dodging
 42344 | Swamp:4  | Noticed a tentacled monstrosity
 42357 | Swamp:4  | Killed a tentacled monstrosity
 42358 | Swamp:4  | Reached XP level 18. HP: 87/118 MP: 6/37
 42713 | Swamp:4  | Reached skill level 15 in Fighting
 43596 | Swamp:4  | Got a decaying rune of Zot
 43905 | Vaults:1 | Entered Level 1 of the Vaults
 43943 | Vaults:1 | Reached skill level 10 in Translocations
 46231 | Vaults:2 | Reached XP level 19. HP: 36/124 MP: 15/39
 46363 | Vaults:2 | Reached skill level 15 in Spellcasting
 47475 | Vaults:2 | Reached skill level 15 in Hexes
 48423 | Vaults:2 | Learned a level 6 spell: Dispersal
 48970 | Vaults:3 | Noticed Mennas
 49011 | Vaults:3 | Killed Mennas
 49750 | Vaults:3 | Found a staircase to the Crypt.
 49756 | Vaults:3 | Reached XP level 20. HP: 129/129 MP: 21/42
 50103 | Vaults:3 | Found Kiugam's Book Boutique.
 50319 | Vaults:3 | Received a gift from Sif Muna
 50444 | Vaults:3 | Got Sif Muna's Collected Works on Vitriolic Lightness {god
                  | gift}
 50714 | Vaults:3 | Found Anezuc's Armour Emporium.
 51192 | Vaults:3 | Reached skill level 15 in Conjurations
 51450 | Vaults:3 | Noticed a golden dragon
 51463 | Vaults:3 | Killed a golden dragon
 51538 | Vaults:3 | You fall into a shaft and drop 1 floor!
 51586 | Vaults:4 | Noticed Margery
 51594 | Vaults:4 | Killed Margery
 52007 | Vaults:4 | Found a transporter.
 52014 | Vaults:4 | Noticed DizzySkin's ghost (veteran MiBe)
 52529 | Vaults:4 | Found a one-way gate to the infinite horrors of the Abyss.
 52845 | Vaults:4 | Found a transporter.
 53254 | Vaults:4 | Gained mutation: Your spells are a little harder to cast,
                  | but a little more powerful. [a cacodemon]
 53256 | Vaults:4 | Gained mutation: You are dopey. (Int -2) [a cacodemon]
 53578 | Vaults:4 | Found Allam Roucw's Antique Weapon Shoppe.
 54427 | Vaults:4 | Learned a level 8 spell: Disjunction
 54437 | Vaults:4 | Learned a level 8 spell: Discord
 54496 | Vaults:5 | Entered Level 5 of the Vaults
 54504 | Vaults:5 | Reached XP level 21. HP: 134/134 MP: 18/45
 54506 | Vaults:5 | Reached skill level 15 in Translocations
 54784 | Vaults:5 | Cast into level 3 of the Abyss (a deep elf sorcerer)
 54849 | Abyss:3  | Found a corrupted altar of Lugonu.
 54934 | Abyss:5  | Entered Level 5 of the Abyss
 54958 | Abyss:5  | Found a corrupted altar of Lugonu.
 55033 | Abyss:5  | HP: 5/107 [lightning spire/bolt of electricity (13)]
 55034 | Abyss:5  | Killed from afar by a lightning spire

Illustrated notes

Levels and vault maps discovered:
D:1:      dpeg_arrival_stonehenge_8_columns, layout_basic,
          chequers_hall_statues_y
D:2:      layout_loops_corners, hellmonk_ecumenical_altar_heavens_door,
          basic_altar
D:3:      layout_basic, lemuel_round_altar, mainiacjoe_overflow_chevrons
D:4:      layout_basic, minivault_27, guppyfry_shop_venom, uniq_edmund,
          uniq_grinder
D:5:      layout_gridville, nicolae_ru_the_path_less_chosen, temple_fountains,
          kennysheep_generic_room_4
D:6:      layout_cave_pools, serial_column_ruins, column_ruins_hut,
          column_ruins_grid_2, column_ruins_corridor_corner,
          column_ruins_corridor_dead_end, column_ruins_open_medium,
          column_ruins_open_small, column_ruins_grid_1, minmay_holes,
          minmay_quadrilaterals, uniq_pikel
D:7:      layout_gridville, nicolae_dithmenos_the_darkroom,
          nemelex_spade_bored_becter, mrwooster_statue_mirror, uniq_joseph
D:8:      layout_basic, biasface_ghost_orc_armoury, wad_rectangle_vault
D:9:      layout_stronghold, slow_altar_1
D:10:     layout_basic, grunt_temple_overflow_magic_moments,
          gammafunk_temple_overflow_pools, dpeg_lair_monsters
D:11:     layout_long_grid, uniq_grum
D:12:     dragon1_lemuel, layout_basic, david_orc_4,
          muffindrake_ghost_dual_entry, gauntlet_entry_generic,
          portal_ice_cave_rime, lemuel_flamethrower_hall
D:13:     layout_rooms, blue_anna_alchemist
D:14:     layout_irregular_city, ximxim_vaults_locker_room,
          minmay_misc_feat_tiny, grunt_tough_drop, uniq_jorgrun, uniq_louise,
          uniq_frances
D:15:     hangedman_depths_entry_try_elsewhere_first, layout_stronghold,
          serial_shops, bzr_entry_islet, uniq_azrael
Temple:   jpeg_temple_clearing
Lair:1:   wander_river, layout_cave_pods
Lair:2:   layout_roguey, skrybe_swamp_entry_bodies, beast_lair_carwin_9
Lair:3:   layout_regular_city, dummy_snake_entry, bobbens_dragon_lair_wall,
          uniq_gastronok, uniq_snorg
Lair:4:   layout_roguey, st_stairs_6, chequers_serial_rivers_small_3
Lair:5:   layout_gridlike, minmay_slime_entry_oklob_enclosed, tgw_fedhas,
          lemuel_fruit_fields
Swamp:1:  layout_basic_swamp, nicolae_swamp_triple_paths, swamp_pool2
Swamp:2:  layout_basic_swamp, evilmike_swamp_ruin_house_1
Swamp:3:  layout_basic_swamp, nicolae_swamp_well_well_well
Swamp:4:  swamp_basic_johnstein, layout_basic_swamp, infiniplex_staircase_pool
Snake:1:  layout_rooms, nicolae_snake_squiggles, grunt_megastairs_2,
          lemuel_fruit_tree, uniq_nikola, uniq_donald
Snake:2:  layout_onion, nicolae_snake_single_loop
Snake:3:  layout_grid_shapes, serial_bayou_ford_a, minmay_shop_star, uniq_mara,
          uniq_aizul, uniq_saint_roka
Snake:4:  grunt_snake_rune_pools, layout_cave_town, drop_trap
Orc:1:    layout_diamond_mine, serial_shops, nicolae_shop_crystal, shop
Orc:2:    grunt_orc_cross, layout_caves, basic_altar
Vaults:1: ontoclasm_vaults_gateway, vaults_room_grunt_arrival_ludios,
          hangedman_vaults_hat, v_misc_26, kb_rosetta, ontoclasm_vaults_tryst,
          nicolae_vaults_little_squares_1, nicolae_vaults_asterisk,
          nicolae_vaults_asterisk, vaults_room_pool, v_misc_10,
          layout_vaults_big_room
Vaults:2: vaults_room_glass_cross, grunt_vaults_swirl, v_rooms_2,
          nicolae_vaults_windows_and_doors_thing, vaults_dpeg_hooks,
          layout_vaults_omnigrid
Vaults:3: hangedman_vaults_slice, hangedman_vaults_pinch, v_misc_19,
          vaults_room_large_hall, st_star, hangedman_vaults_snaps,
          minmay_crypt_entry_simple_round, dpeg_vaults_monster_box,
          vaults_room_corners, layout_vaults_omnicross, serial_shops, shop,
          uniq_mennas
Vaults:4: gammafunk_ghost_abyssal_escape, nicolae_vaults_network_barrier,
          nicolae_vaults_network_square, hangedman_vaults_impose,
          vaults_room_guarded_vault, vaults_dpeg_cross,
          hangedman_vaults_corner_blocks, vaults_mumra_chevron_long,
          layout_vaults_maze_snakey, serial_shops, nicolae_diamond_shop,
          uniq_margery
Vaults:5: serial_shops
Abyss:5:  base: D:4, hangedman_abyss_lost_library, evilmike_abyss_exit_chaos,
          dshaligram_kb_abyss_rune_zappy_water_cross

Skill      XL: |  1  2  3  4  5  6  7  8  9 10 11 12 13 14 15 16 17 18 19 20 21 |
---------------+----------------------------------------------------------------+-----
Spellcasting   | 4 5 6 7 8 9 10 12 13 14 16 18 | 18.6
Conjurations   | 5 6 7 8 9 11 13 14 16 | 16.2
Hexes          | 2 3 4 5 7 8 9 11 12 14 16 17 18 | 18.1
Translocations | 1 2 4 5 6 7 9 11 13 14 15 | 15.0
Fighting       | 2 5 6 8 9 10 11 13 14 15 | 15.2
Dodging        | 4 8 10 12 14 17 20 | 20.7
Evocations     | 3 6 9 10 | 10.0
Invocations    | 4 8 10 | 10.0
Shields        | 1 4 7 10 12 | 12.0
Stealth        | |  2.4

Action                   |  1- 3 |  4- 6 |  7- 9 | 10-12 | 13-15 | 16-18 | 19-21 || total
-------------------------+-------+-------+-------+-------+-------+-------+-------++-------
Melee: Staff             |       |       |       |     1 |     1 |       |     1 ||     3
 Cast: Magic Dart        |    36 |    25 |    81 |    57 |   190 |   322 |   223 ||   934
       Searing Ray       |     6 |    11 |    29 |    59 |   106 |    88 |    80 ||   379
       Fulminant Prism   |       |     5 |    48 |   149 |   164 |   207 |   198 ||   771
       Iskenderun's Myst |       |     2 |     8 |    52 |   222 |   222 |   212 ||   718
       Iskenderun's Batt |       |       |       |       |   104 |   150 |   118 ||   372
       Dazzling Flash    |       |       |       |       |     2 |       |       ||     2
       Gell's Gravitas   |       |       |       |       |    11 |     2 |     1 ||    14
       Blink             |       |       |       |       |     7 |     1 |     1 ||     9
       Cause Fear        |       |       |       |       |     1 |     3 |     2 ||     6
       Teleport Other    |       |       |       |       |     1 |       |       ||     1
       Discord           |       |       |       |       |       |       |     5 ||     5
Invok: Channel Magic     |       |       |       |     3 |    29 |    43 |    41 ||   116
Evoke: Wand              |       |       |       |    13 |    12 |     3 |     1 ||    29
       Phial of floods   |       |       |       |     1 |       |     2 |     1 ||     4
  Use: Scroll            |       |     8 |     8 |     7 |    16 |     7 |     9 ||    55
       Potion            |       |     4 |     4 |     2 |    10 |     8 |    15 ||    43
Armor: Robe              |       |     1 |     9 |     8 |    19 |    17 |    12 ||    66
Dodge: Dodged            |     2 |     5 |    21 |    51 |   136 |   150 |   134 ||   499
       Repelled          |       |       |       |       |    11 |    16 |     5 ||    32
Block: Other             |       |       |       |     3 |     2 |       |       ||     5
       Reflection        |       |       |       |     1 |    20 |    43 |    25 ||    89
       Kite shield       |       |       |       |       |     7 |       |       ||     7
       Buckler           |       |       |       |       |    57 |   111 |    82 ||   250
